 Dungeon Crawl Stone Soup version 0.28-a0-863-g8cecda6153 (webtiles) character file.

Game seed: 3213454900890705608

85453 kae the Alchemist (level 15, -27/145 (153) HPs)
             Began as a Purple Draconian Transmuter on Nov 18, 2021.
             Was a High Priest of Ru.
             Killed from afar by Jorgrun (40 damage)
             ... with an iron shot
             ... on level 14 of the Dungeon.
             The game lasted 00:29:40 (33091 turns).

kae the Alchemist (Purple Draconian Transmuter)    Turns: 33091, Time: 00:29:40

HP:   -27/145 (153) AC: 30    Str: 12    XL:     15   Next: 38%
MP:   27/27         EV: 15    Int: 19    God:    Ru [*****.]
Gold: 1780          SH:  5    Dex: 13    Spells: 3/30 levels left

rFire   . . .      SeeInvis .     - Unarmed
rCold   . . .      Faith    .   (no shield)
rNeg    + . .      Spirit   .   (armour unavailable)
rPois   ∞          Reflect  +   A - +1 hat
rElec   +          Harm     .   (no cloak)
rCorr   .          Rampage  .   (gloves currently unavailable)
Will    ++...                   (boots currently unavailable)
Stlth   ..........              j - amulet of reflection
HPRegen 0.34/turn               f - +4 ring of evasion
MPRegen 0.20/turn               v - +4 ring of protection

@: exhausted, statue-form, grasped by roots, constricted, drained, very slow
A: slow and powerful, torment resistance 1, boosted hp, (breathe power), AC +9,
unfitting armour, no potion heal 1, cold-blooded, no stealth, inability to use
devices, hated by all
a: End Transformation, Renounce Religion, Draw Out Power, Power Leap, Apocalypse


You were on level 14 of the Dungeon.
You worshipped Ru.
Ru was extremely pleased with you.
You were a living statue of rough stone.
You visited 4 branches of the dungeon, and saw 23 of its levels.
You also visited: Bailey.

You collected 2328 gold pieces.
You spent 548 gold pieces at shops.

Inventory:

Missiles
 y - 5 throwing nets
Armour
 r - a +2 pair of boots of stealth (melded)
 A - a +1 hat (worn)
Jewellery
 c - a ring of resist corrosion
 d - a ring of positive energy
 f - a +4 ring of evasion (left fist)
 j - an amulet of reflection (around neck)
 k - a ring of positive energy
 n - an amulet of faith
 v - a +4 ring of protection (right fist)
 x - a ring of poison resistance
 B - a ring of protection from cold
Scrolls
 i - 3 scrolls of holy word
 m - 2 scrolls of enchant armour
 o - 3 scrolls of teleportation
 q - a scroll of enchant weapon
 t - a scroll of amnesia
 z - 9 scrolls of identify
 C - 4 scrolls of fog
 E - 2 scrolls of magic mapping
 I - a scroll of brand weapon
 J - a scroll of fear
Potions
 a - 12 potions of curing
 b - 3 potions of attraction
 e - 2 potions of haste
 g - 13 potions of ambrosia
 h - 8 potions of heal wounds
 l - 4 potions of flight
 p - 5 potions of mutation
 s - 2 potions of lignification
 u - 2 potions of brilliance
 w - 2 potions of invisibility
 D - a potion of berserk rage
 F - a potion of might
 G - a potion of cancellation
 H - a potion of resistance
 K - a potion of magic {unknown}


   Skills:
 - Level 7.0 Fighting
 - Level 6.0 Dodging
 - Level 16.2 Unarmed Combat
 - Level 8.0 Spellcasting
 - Level 19.0 Transmutations
 * Level 5.5 Ice Magic
 - Level 1.0 Poison Magic


You had 3 spell levels left.
You knew the following spells:

 Your Spells              Type           Power      Damage    Failure   Level
a - Beastly Appendage     Tmut           100%       N/A       0%          1
b - Spider Form           Tmut/Pois      45%        N/A       1%          3
c - Ice Form              Ice/Tmut       53%        N/A       1%          4
d - Statue Form           Tmut/Erth      28%        N/A       28%         6
e - Storm Form            Tmut/Air       21%        N/A       83%         7
f - Passwall              Tmut/Erth      35%        N/A       1%          2
g - Petrify               Tmut/Erth      43%        N/A       1%          4

Your spell library contained the following spells:

 Spells                   Type           Power      Damage    Failure   Level
 Wereblood                Tmut           68%        N/A       0%          2
 Frozen Ramparts          Ice            56%        1d7       2%          3
 Ensorcelled Hibernation  Hex/Ice        36%        N/A       4%          2
 Sandblast                Erth           14%        2d6       9%          1
 Slow                     Hex            28%        N/A       9%          1
 Poisonous Vapours        Pois/Air       18%        N/A       11%         2
 Blink                    Tloc           14%        N/A       14%         2
 Corpse Rot               Necr/Air       14%        N/A       14%         2
 Static Discharge         Conj/Air       7%         N/A       14%         2
 Dazzling Flash           Conj/Hex       14%        N/A       26%         3
 Gell's Gravitas          Tloc           7%         N/A       26%         3
 Lesser Beckoning         Tloc           7%         N/A       26%         3
 Portal Projectile        Hex/Tloc       14%        N/A       26%         3
 Stone Arrow              Conj/Erth      14%        3d7       26%         3
 Teleport Other           Tloc           7%         N/A       26%         3
 Metabolic Englaciation   Hex/Ice        9%         N/A       63%         5
 Cause Fear               Hex            3%         N/A       65%         4
 Dispel Undead            Necr           7%         3d8       65%         4
 Leda's Liquefaction      Hex/Erth       3%         N/A       65%         4
 Sticky Flame             Conj/Fire      7%         2d3       65%         4
 Lightning Bolt           Conj/Air       3%         1d15      94%         5
 Manifold Assault         Tloc           7%         N/A       94%         5
 Dispersal                Tloc           3%         N/A       100%        6
 Discord                  Hex            3%         N/A       100%        8
 Maxwell's Capacitive Co  Air            3%         ∞         100%        8
 Chain Lightning          Conj/Air       3%         3d4       100%        9
 Fire Storm               Conj/Fire      3%         8d1       100%        9
 Shatter                  Erth           3%         3d7*      100%        9
 Call Canine Familiar     Summ           Unusable   N/A       N/A         3
 Summon Ice Beast         Ice/Summ       Unusable   N/A       N/A         4

Dungeon Overview and Level Annotations

Branches:
Dungeon (14/15)            Temple (1/1) D:6            Lair (6/6) D:11
  Swamp (0/4) Lair:3        Snake (0/4) Lair:4        Slime (0/5) Lair:5
    Orc (2/2) D:12            Elf (0/3) Orc:2        Vaults (0/5) D:13
 Bailey (visited)

Altars:
Ashenzari
Cheibriados
Dithmenos
Elyvilon
Fedhas
Gozag
Hepliaklqana
Kikubaaqudgha
Makhleb
Nemelex Xobeh
Okawaru
Qazlal
Ru
Sif Muna
Trog
Uskayaw
Vehumet
Wu Jian
Xom
Yredelemnul
Zin
The Shining One
Beogh
Jiyva
Lugonu

Shops:
D:11 *=   D:12 *   Orc:2 !!:(*

Portals:
Abyss: Lair:6

Annotations:
D:3 Terence
D:6 1 runed translucent door, Crazy Yiuf
D:9 exclusion: acid dragon
D:12 exclusion: death knight
D:14 Jorgrun
Lair:1 Sonja
Lair:3 exclusions: 6 electric eels and 1 more exclusion
Lair:5 exclusion: oklob plant


Innate Abilities, Weirdness & Mutations

You are a living statue of rough stone.
Your actions are slow, but your melee attacks are powerful.
You are resistant to unholy torment.
Your maximum health is greatly increased.
You are immune to poison.
Your equipment is partially melded.
((You can breathe bolts of dispelling energy.))
((Your rich purple scales are hard. (AC +9)))
You cannot fit into any form of body armour.
Potions are less effective at restoring your health.
You are cold-blooded and may be slowed by cold attacks.
You cannot be stealthy.
You cannot study or use magical devices.
You are hated by all.


Message History

Jorgrun is lightly wounded.
You redirect Jorgrun's attack!
Jorgrun hits you but does no damage. The grasping roots constrict you!
* * * LOW HITPOINT WARNING * * *
You beat Jorgrun into a bloody pulp!!!
Jorgrun is heavily wounded.
Jorgrun hits you but does no damage. The grasping roots constrict you.
* * * LOW HITPOINT WARNING * * *
You hit Jorgrun but do no damage.
Your tail-slap misses Jorgrun.
Jorgrun is heavily wounded.
Jorgrun hits you with a +0 vorpal quarterstaff.
* * * LOW HITPOINT WARNING * * *
x2 The grasping roots constrict you.
You barely miss Jorgrun.
Jorgrun is heavily wounded.
Jorgrun hits you with a +0 vorpal quarterstaff.
* * * LOW HITPOINT WARNING * * *
x2 The grasping roots constrict you.
* * * LOW HITPOINT WARNING * * *
You punch Jorgrun!
Jorgrun is heavily wounded.
Jorgrun hits you with a +0 vorpal quarterstaff.
* * * LOW HITPOINT WARNING * * *
x2 The grasping roots constrict you.
You punch Jorgrun!
Your tail-slap misses Jorgrun.
Jorgrun is heavily wounded.
Jorgrun stops glowing.
Jorgrun misses you. The grasping roots constrict you.
You pummel Jorgrun!!
Your tail-slap misses Jorgrun.
Jorgrun is almost dead.
Jorgrun points next to you and mumbles some strange words.
The wall shatters!
The blast of rock fragments hits you but does no damage.
The grasping roots constrict you.
* * * LOW HITPOINT WARNING * * *
You block Jorgrun's attack. The grasping roots constrict you.
You punch Jorgrun!
Jorgrun is almost dead.
Jorgrun gestures at you while chanting. The iron shot hits you!!!
You die...

#........# ######+### #.
#. ####.#### #######+## ##
.g......# ###........###.
........# ##.'........#...
........###..#..(.....')##
....../.g8............###
..........####........#
........### ##+##..#..#
........# ##.##.#
##.###### ......# #
###..### ...


You could see Jorgrun.

Vanquished Creatures
  A tengu reaver (D:13)
  A storm dragon (D:13)
  A frost giant (D:13)
  Harold (D:7)
  Josephine (Lair:6)
  A great orb of eyes (D:13)
  A boulder beetle (D:13)
  9 hydras
  3 vault guards (D:13)
  2 centaur warriors (D:13)
  2 ogre magi (Orc:2)
  A tengu warrior (D:13)
  3 two-headed ogres
  An orc high priest (Orc:2)
  3 thrashing horrors (Lair:6)
  7 death yaks
  A skeletal warrior (D:13)
  Nergalle (Lair:4)
  2 wizards (D:13)
  2 deep elf archers (D:13)
  4 orc knights
  5 deep elf pyromancers
  11 orc sorcerers (Orc:2)
  An orb spider (shapeshifter) (D:13)
  A lindwurm (Lair:6)
  5 ugly things
  4 cyclopes
  A manticore (D:11)
  4 elephants (Lair:5)
  3 black mambas (Lair:6)
  A torpor snail (Lair:6)
  3 smoke demons (Lair:6)
  An unseen horror (D:12)
  A kobold demonologist (D:13)
  6 cane toads
  2 yaktaurs (D:13)
  9 komodo dragons
  A rime drake (Lair:3)
  A large abomination (Lair:6)
  2 ancient zymes (Lair:6)
  A queen bee (Lair:5)
  2 meliai (Lair:5)
  4 trolls
  A meliai (shapeshifter) (D:13)
  A polar bear (Lair:6)
  10 slime creatures
  22 blink frogs
  15 dream sheep
  5 wraiths (Lair:6)
  7 basilisks
  4 wyverns
  A ynoxinul (Lair:6)
  2 shadows
  53 yaks
  Eustachio (D:4)
  2 steam dragons
  2 chaos spawn (Lair:6)
  6 vampire mosquitoes
  A warg (Orc:2)
  3 acid dragons
  Duvessa (D:4)
  13 water moccasins
  11 small abominations (Lair:6)
  An ice beast (D:5)
  26 orc warriors
  A black bear (D:6)
  9 ogres
  13 wolves (Lair:5)
  10 centaurs
  7 kobold brigands
  Blork the orc (D:4)
  5 gnoll sergeants
  5 bullfrogs
  A scorpion (D:4)
  A wyvern zombie (D:9)
  A hornet simulacrum (D:11)
  26 killer bees
  Dowan (D:4)
  11 howler monkeys
  5 centaur zombies
  4 hounds
  15 orc priests
  A bullfrog skeleton (D:4)
  A centaur skeleton (D:6)
  A jelly (D:7)
  3 iguanas
  33 orc wizards
  5 hell rats (Lair:3)
  A killer bee zombie (D:9)
  A hound zombie (D:5)
  A hound skeleton (D:4)
  19 gnolls
  7 adders
  2 white imps
  5 worms
  2 dart slugs
  69 orcs
  4 ball pythons
  4 endoplasms
  2 giant cockroaches
  12 goblins
  4 hobgoblins
  3 jackals (D:1)
  32 kobolds
  2 quokkas
  7 bats
  3 frilled lizards
  A rat (D:3)
646 creatures vanquished.

Vanquished Creatures (others)
  2 hydras
  A death yak (Lair:3)
  A sea snake (shapeshifter) (Lair:6)
  A meliai (Lair:5)
  A troll (D:12)
  A blink frog (Lair:6)
  A wyvern (Lair:4)
  A vampire mosquito (D:13)
  An orc priest (D:13)
  An orc wizard (Orc:2)
  A small abomination (Lair:6)
  2 orcs
  A kobold (D:4)
  17 fungi
  82 plants
114 creatures vanquished.

Grand Total: 760 creatures vanquished

Notes
Turn   | Place    | Note
-------+----------+-------------------------------------------
     0 | D:1      | kae the Draconian Transmuter began the quest for the Orb.
     0 | D:1      | Reached XP level 1. HP: 16/16 MP: 3/3
   316 | D:1      | Reached XP level 2. HP: 22/23 MP: 5/5
  1066 | D:1      | Found a faded altar of an unknown god.
  1336 | D:2      | Reached XP level 3. HP: 9/29 MP: 4/6
  1809 | D:2      | Found an iron altar of Okawaru.
  2152 | D:3      | Reached XP level 4. HP: 36/36 MP: 5/7
  2388 | D:3      | Reached XP level 5. HP: 36/41 MP: 8/8
  2412 | D:2      | Learned a level 3 spell: Spider Form
  2417 | D:2      | Learned a level 4 spell: Ice Form
  2984 | D:3      | Noticed Terence
  3241 | D:4      | Noticed Eustachio
  3268 | D:4      | Reached skill level 1 in Ice Magic
  3308 | D:4      | Killed Eustachio
  3309 | D:4      | Reached skill level 3 in Transmutations
  3309 | D:4      | Reached skill level 1 in Poison Magic
  3309 | D:4      | Reached XP level 6. HP: 12/50 MP: 8/10
  3620 | D:4      | Found a white marble altar of Elyvilon.
  3647 | D:4      | Reached skill level 5 in Unarmed Combat
  3663 | D:4      | Your scales start taking on a rich purple colour.
  3663 | D:4      | Reached XP level 7. HP: 27/57 MP: 10/12
  4507 | D:4      | Noticed Duvessa
  4508 | D:4      | Noticed Dowan
  4514 | D:4      | Noticed Blork the orc
  4831 | D:4      | Killed Duvessa
  4842 | D:4      | Killed Dowan
  4937 | D:4      | Killed Blork the orc
  5158 | D:4      | Reached XP level 8. HP: 66/66 MP: 10/14
  5246 | D:5      | Entered Level 5 of the Dungeon
  5727 | D:5      | Reached skill level 4 in Transmutations
  6972 | D:6      | Found a staircase to the Ecumenical Temple.
  7068 | Temple   | Entered the Ecumenical Temple
  7364 | Temple   | Became a worshipper of Ru the Awakened
  8097 | D:6      | Found a runed translucent door.
  8098 | D:6      | Noticed Crazy Yiuf
  8280 | D:7      | Noticed Harold
  8299 | D:7      | Killed Harold
  8300 | D:7      | Reached skill level 5 in Spellcasting
  8300 | D:7      | Reached skill level 5 in Transmutations
  8300 | D:7      | Reached skill level 5 in Ice Magic
  8300 | D:7      | Reached XP level 9. HP: 64/73 MP: 13/17
  8898 | D:7      | Gained mutation: You are hated by all. [Ru sacrifice]
  8898 | D:7      | Reached * piety under Ru
  8898 | D:7      | Reached ** piety under Ru
  9055 | D:8      | Found a flagged portal.
  9069 | Bailey   | Entered a bailey
  9494 | Bailey   | Reached skill level 5 in Fighting
  9495 | Bailey   | Reached skill level 6 in Transmutations
  9644 | Bailey   | Found the +9 scales of the Dragon King {rPois rF+ rC+
                  | Will+}
 10571 | D:9      | Noticed a two-headed ogre
 10588 | D:9      | Killed a two-headed ogre
 10589 | D:9      | Reached skill level 5 in Dodging
 10589 | D:9      | Reached XP level 10. HP: 16/82 MP: 16/19
 11468 | D:9      | Reached skill level 7 in Transmutations
 11813 | D:9      | Gained mutation: You cannot study or use magical devices.
                  | [Ru sacrifice]
 11813 | D:9      | Reached *** piety under Ru
 11996 | D:10     | Entered Level 10 of the Dungeon
 12491 | D:10     | Learned a level 6 spell: Statue Form
 12807 | D:11     | Found Gozag's Platinum Reserve.
 12807 | D:11     | Found an opulent altar of Gozag.
 12844 | D:11     | Noticed a manticore
 12855 | D:11     | Killed a manticore
 13110 | D:11     | Found a staircase to the Lair.
 13144 | D:11     | Reached skill level 8 in Transmutations
 13205 | D:11     | Noticed a deep elf pyromancer
 13218 | D:11     | Killed a deep elf pyromancer
 13419 | D:11     | Noticed a red ugly thing
 13428 | D:11     | Killed a red ugly thing
 13429 | D:11     | Reached XP level 11. HP: 35/91 MP: 18/22
 13870 | D:11     | Found Desyugan's Jewellery Emporium.
 14167 | D:12     | Found Adoposte's Assorted Antiques.
 14364 | D:12     | You fall into a shaft and drop 1 floor!
 14399 | D:13     | Noticed a centaur warrior
 14410 | D:13     | Killed a centaur warrior
 14411 | D:13     | Reached skill level 10 in Unarmed Combat
 14411 | D:13     | Reached skill level 9 in Transmutations
 14411 | D:13     | Noticed a two-headed ogre
 14418 | D:13     | Killed a two-headed ogre
 14602 | D:13     | Noticed a deep elf pyromancer
 14602 | D:13     | Noticed a centaur warrior
 14625 | D:13     | Killed a deep elf pyromancer
 14731 | D:13     | Noticed a tengu warrior
 14741 | D:13     | Noticed a seven-headed hydra
 14749 | D:13     | Killed a seven-headed hydra
 14958 | D:12     | Noticed a two-headed ogre
 15138 | D:12     | Killed a two-headed ogre
 15139 | D:12     | Reached skill level 10 in Transmutations
 15290 | D:12     | Noticed a death knight
 16019 | D:12     | Found a staircase to the Orcish Mines.
 16063 | D:12     | Reached XP level 12. HP: 87/100 MP: 24/24
 16674 | Lair:1   | Entered Level 1 of the Lair of Beasts
 16712 | Lair:1   | Reached skill level 11 in Transmutations
 17424 | Lair:1   | Noticed Sonja
 17807 | Lair:2   | Noticed a five-headed hydra
 17818 | Lair:2   | Killed a five-headed hydra
 17932 | Lair:2   | Noticed an eight-headed hydra
 17938 | Lair:2   | Killed an eight-headed hydra
 18110 | Lair:2   | Noticed a four-headed hydra
 18119 | Lair:2   | Killed a four-headed hydra
 18845 | Lair:3   | Reached skill level 12 in Transmutations
 19235 | Lair:3   | Noticed a death yak
 19257 | Lair:3   | Killed a death yak
 19351 | Lair:3   | Noticed an eight-headed hydra
 19358 | Lair:3   | Killed an eight-headed hydra
 20140 | Lair:3   | Reached skill level 13 in Transmutations
 20366 | Lair:3   | Found a staircase to the Swamp.
 20534 | Lair:4   | Noticed a death yak
 20534 | Lair:4   | Noticed a death yak
 20535 | Lair:4   | Noticed a death yak
 20536 | Lair:4   | Noticed a death yak
 20540 | Lair:4   | Noticed a seven-headed hydra
 20549 | Lair:4   | Killed a seven-headed hydra
 20942 | Lair:4   | Noticed Nergalle
 20944 | Lair:4   | Gained mutation: Potions are less effective at restoring
                  | your health. [Ru sacrifice]
 20944 | Lair:4   | Reached **** piety under Ru
 20949 | Lair:4   | Killed Nergalle
 20989 | Lair:4   | Noticed an eight-headed hydra
 21003 | Lair:4   | Killed an eight-headed hydra
 21004 | Lair:4   | Reached XP level 13. HP: 56/105 MP: 23/25
 21763 | Lair:4   | Found a staircase to the Snake Pit.
 21810 | Lair:4   | Reached skill level 14 in Transmutations
 23063 | Lair:5   | Reached skill level 15 in Transmutations
 23196 | Lair:5   | Found a staircase to the Slime Pits.
 23733 | Lair:5   | Gained mutation: You cannot be stealthy. [Ru sacrifice]
 23733 | Lair:5   | Reached ***** piety under Ru
 24521 | Lair:6   | Entered Level 6 of the Lair of Beasts
 24573 | Lair:6   | Noticed Josephine
 24582 | Lair:6   | Killed Josephine
 24959 | Lair:6   | Reached skill level 16 in Transmutations
 24959 | Lair:6   | Reached XP level 14. HP: 105/113 MP: 21/26
 25303 | Lair:6   | HP: 4/132 [blink frog (25)]
 25308 | Lair:6   | HP: 6/126 [blink frog (11)]
 26681 | Lair:6   | Reached skill level 15 in Unarmed Combat
 26810 | Lair:6   | Reached skill level 17 in Transmutations
 27031 | Lair:6   | Found a corrupted altar of Lugonu.
 27031 | Lair:6   | Found a one-way gate to the infinite horrors of the Abyss.
 27316 | Orc:1    | Entered Level 1 of the Orcish Mines
 27457 | Orc:2    | Entered Level 2 of the Orcish Mines
 27573 | Orc:2    | Found a staircase to the Elven Halls.
 28978 | Orc:2    | Found Rall's Antique Weapon Boutique.
 28998 | Orc:2    | Found a radiant altar of Vehumet.
 29111 | Orc:2    | Reached skill level 18 in Transmutations
 29317 | Orc:2    | Found Zanwoesch's Distillery.
 29318 | Orc:2    | Found Giah's Distillery.
 29364 | Orc:2    | Bought a potion of curing for 33 gold pieces
 29387 | Orc:2    | Found an ancient bone altar of Kikubaaqudgha.
 29405 | Orc:2    | Found Pepun's Book Shop.
 29413 | Orc:2    | Bought an Inescapable Atlas for 476 gold pieces
 29483 | Orc:2    | Found Tameit's Tempting Trifles.
 29489 | Orc:2    | Bought a scroll of teleportation for 39 gold pieces
 30818 | D:13     | Reached XP level 15. HP: 116/118 MP: 21/27
 30932 | D:13     | HP: 1/153 [enormous slime creature (38)]
 31951 | D:13     | Found a gate to the Vaults.
 32273 | D:13     | Noticed a storm dragon
 32283 | D:13     | Killed a storm dragon
 32318 | D:13     | Noticed a frost giant
 32321 | D:13     | Noticed a tengu reaver
 32323 | D:13     | Killed a frost giant
 32336 | D:13     | Killed a tengu reaver
 32337 | D:13     | Reached skill level 19 in Transmutations
 32638 | D:13     | Got the Guide on the Entrancing Frostbite
 32706 | D:13     | Learned a level 7 spell: Storm Form
 32710 | D:13     | Learned a level 2 spell: Passwall
 32715 | D:13     | Learned a level 4 spell: Petrify
 33075 | D:14     | Noticed Jorgrun
 33091 | D:14     | Killed from afar by Jorgrun

Illustrated notes

Levels and vault maps discovered:
D:1:      minmay_arrival_open_corners, layout_basic,
          ebering_ecumenical_altar_webs, roderic_roman_lattice,
          minmay_tetromino_t4
D:2:      layout_basic, basic_altar
D:3:      layout_loops_ring, chequers_serial_rivers_micro_c, uniq_terence
D:4:      kennysheep_kobold_camp, layout_basic, overflow_temple_1_default,
          minivault_26, hangedman_decor_slide_cut, dk_noncrumbling_3,
          nicolae_grassy_gnolls, uniq_blork_the_orc, uniq_eustachio,
          uniq_duvessa
D:5:      nicolae_cairo_tiling_large, layout_basic,
          hangedman_abyss_or_decor_lesser_grid, corexii_leaking_fountain
D:6:      layout_layer_cave, minmay_temple_entry_grid, uniq_crazy_yiuf_cottage
D:7:      layout_loops_cross, nicolae_concentric_dashed_squares_mild,
          uniq_harold
D:8:      layout_loops_ring, enter_bailey_3, supply_closet_lemuel
D:9:      layout_roguey, kennysheep_generic_room_7
D:10:     layout_cross
D:11:     layout_gridville, lair_entry_dummy, serial_shops, nicolae_shop_trees,
          nicolae_gozag_zags_fifth_avenue
D:12:     layout_loops_cross, kennysheep_orc_monster_closet_entryway,
          serial_shops, nicolae_take_the_stairs
D:13:     minmay_shrinking_squares, layout_basic, grunt_vaults_entry_fortified,
          dk_noncrumbling_4, hex_intersection, minmay_variable_closet,
          minmay_circle_x
D:14:     layout_roguey, serial_shops, nicolae_stop_n_shop_2,
          minmay_misc_feat_alley, uniq_agnes, uniq_jorgrun
Temple:   mainiacjoe_temple_circle_huts
Lair:1:   layout_cave_pods, minivault_24, uniq_sonja
Lair:2:   layout_loops_ring, minmay_hedge_maze
Lair:3:   statuecave_lemuel, layout_layer_cave, minmay_swamp_entry_eels,
          st_stairs_10, lemuel_fruit_fields
Lair:4:   layout_gridlike, dummy_snake_entry, grunt_forest_small_clearings,
          lookout_lair_type, uniq_nergalle
Lair:5:   minmay_lair_oklob_tunnel, layout_long_grid, slime_altar_1,
          special_room [special_room_bee], chequers_serial_rivers_micro_e
Lair:6:   hellmonk_lair_end_abyssal_woods, layout_hall_layers, uniq_josephine
Orc:1:    layout_caves
Orc:2:    kennysheep_orc_mage_school, layout_caves, nicolae_alphabet_shops,
          kennysheep_orc_chapel

Skill      XL: |  1  2  3  4  5  6  7  8  9 10 11 12 13 14 15 |
---------------+----------------------------------------------+-----
Dodging        | 2 3 4 5 6 |  6.0
Fighting       | 2 3 4 5 6 7 |  7.0
Unarmed Combat | 4 5 7 8 9 11 13 14 15 16 | 16.2
Ice Magic      | 1 2 3 5 |  5.5
Transmutations | 3 5 6 8 10 13 16 18 19 | 19.0
Poison Magic   | 1 |  1.0
Spellcasting   | 3 4 5 6 7 8 |  8.0

Action                   |  1- 3 |  4- 6 |  7- 9 | 10-12 | 13-15 || total
-------------------------+-------+-------+-------+-------+-------++-------
Melee: Unarmed           |   103 |   143 |   337 |   514 |  1037 ||  2134
       Kick              |    12 |    22 |    12 |       |       ||    46
       Tailslap          |     8 |     9 |     7 |     3 |    32 ||    59
       Headbutt          |     7 |    14 |    11 |       |       ||    32
       Punch             |     2 |     2 |       |     2 |    26 ||    32
 Cast: Beastly Appendage |    20 |    17 |    11 |       |       ||    48
       Spider Form       |       |     3 |    17 |       |       ||    20
       Ice Form          |       |       |    17 |    65 |    49 ||   131
       Statue Form       |       |       |       |       |    29 ||    29
Invok: Sacrifice Love    |       |       |     1 |       |       ||     1
       Sacrifice Artific |       |       |       |     1 |       ||     1
       Reject Sacrifices |       |       |       |     1 |     1 ||     2
       Draw Out Power    |       |       |       |     1 |     7 ||     8
       Power Leap        |       |       |       |     1 |       ||     1
       Sacrifice Purity  |       |       |       |     1 |       ||     1
       Sacrifice Stealth |       |       |       |       |     1 ||     1
 Abil: Breathe Dispellin |       |       |     5 |     1 |       ||     6
       End Transformatio |       |       |     1 |       |     1 ||     2
Evoke: Wand              |       |       |     5 |       |       ||     5
  Use: Scroll            |     4 |     3 |    17 |     7 |     8 ||    39
       Potion            |       |       |       |       |     3 ||     3
 Stab: Distracted        |       |       |       |     5 |     3 ||     8
       Invisible         |       |       |       |     1 |    12 ||    13
       Paralysed         |       |       |       |       |     8 ||     8
       Petrifying        |       |       |       |       |     1 ||     1
Armor: Skin              |    33 |    19 |    59 |   137 |   406 ||   654
Dodge: Dodged            |    78 |   119 |   257 |   334 |   793 ||  1581
Block: Other             |       |    24 |    74 |   105 |   241 ||   444
       Reflection        |       |       |     3 |     4 |     3 ||    10

Table legend: (Time is in decaauts)
 A = Elapsed time spent in this place.
 B = Non-inter-level travel time spent in this place.
 C = Inter-level travel time spent in this place.
 D = Time resting spent in this place.
 E = Time spent auto-exploring this place.
 F = Levels seen in this place.
 G = Mean time per level.
                   A        B        C        D        E       F      G
               +--------+--------+--------+--------+--------+-----+--------+
         Total |  33272 |  32236 |   1036 |   1936 |  25479 |  24 | 1386.3 |
       Dungeon |  19323 |  18759 |    564 |   1460 |  14652 |  14 | 1380.2 |
        Temple |    306 |    284 |     22 |      0 |    261 |   1 |  306.0 |
          Lair |  10445 |  10105 |    340 |    363 |   8319 |   6 | 1740.8 |
  Orcish Mines |   2520 |   2412 |    108 |    103 |   1840 |   2 | 1260.0 |
        Bailey |    675 |    675 |      0 |     10 |    407 |   1 |  675.0 |
               +--------+--------+--------+--------+--------+-----+--------+

Top non-repeatable levels by time:
    D:13: 3015 daAuts
    D:12: 2575 daAuts
  Lair:6: 2293 daAuts
  Lair:4: 2218 daAuts
     D:4: 2096 daAuts
   Orc:2: 2012 daAuts
  Lair:3: 1963 daAuts
  Lair:5: 1820 daAuts
     D:9: 1630 daAuts
    D:11: 1622 daAuts
     D:5: 1372 daAuts
  Lair:2: 1202 daAuts
     D:6: 1158 daAuts
     D:1: 1127 daAuts
     D:2: 1088 daAuts
